 Dungeon Crawl Stone Soup version 0.30-a0-860-g512cf1e979 (webtiles) character file.

Game seed: 9074922408336086052

884 Juicyj the Ducker (level 7, 0/59 HPs)
             Began as a Troll Hedge Wizard on Mar 7, 2023.
             Slain by a water moccasin (7 damage)
             ... on level 5 of the Dungeon.
             The game lasted 00:07:48 (5378 turns).

Juicyj the Ducker (Troll Hedge Wizard)              Turns: 5378, Time: 00:07:49

Health: 0/59       AC:  5    Str: 19      XL:     7   Next: 76%
Magic:  10/10      EV: 10    Int: 10      God:
Gold:   160        SH:  0    Dex:  9 (11) Spells: 3/12 levels left

rFire   . . .      SeeInvis .    (no weapon)
rCold   . . .      Faith    .    (no shield)
rNeg    . . .      Spirit   .    b - +0 robe
rPois   .          Reflect  .    c - +1 hat
rElec   .          Rampage  .    (no cloak)
rCorr   .                        (gloves unavailable)
Will    .....                    (boots unavailable)
Stlth   ++                       (no amulet)
HPRegen 1.09/turn                (no ring)
MPRegen 0.12/turn                (no ring)

@: lethally poisoned (0 -> -3)
A: large, unfitting armour, claws 3, regeneration 1, shaggy fur 1, tough skin 1
a: no special abilities


You were on level 5 of the Dungeon.
You visited 1 branch of the dungeon, and saw 5 of its levels.
You also visited: Sewer.

You collected 160 gold pieces.

Inventory:

Armour
 b - a +0 robe (worn)
 c - a +1 hat (worn)
Jewellery
 m - a ring of ice
Scrolls
 i - a scroll of silence
 j - a scroll of blinking
 k - a scroll of fear
 n - a scroll of brand weapon
 o - a scroll of teleportation
Potions
 a - 4 potions of mutation {unknown}
 d - a potion of magic
 f - a potion of resistance
 g - 2 potions of heal wounds {unknown}
 h - 3 potions of haste


   Skills:
 + Level 3.4 Dodging
 + Level 2.2 Stealth
 + Level 3.0 Spellcasting
 + Level 2.7 Conjurations
 + Level 2.5 Summonings
 + Level 2.5 Translocations


You had 3 spell levels left.
You knew the following spells:

 Your Spells              Type           Power      Damage    Failure   Level
a - Magic Dart            Conj           28%        1d4       9%          1
b - Slow                  Hex            4%         N/A       28%         1
c - Blink                 Tloc           12%        N/A       14%         2
d - Call Imp              Summ           6%         N/A       16%         2
e - Hailstorm             Conj/Ice       4%         3d4       43%         3

Your spell library contained the following spells:

 Spells                   Type           Power      Damage    Failure   Level
 Cigotuvi's Dreadful Rot  Necr/Pois/Air  2%         N/A       38%         2
 Mephitic Cloud           Conj/Pois/Air  3%         N/A       50%         3
 Ice Form                 Ice/Tmut       1%         N/A       95%         4
 Simulacrum               Ice/Necr       0%         N/A       100%        6


Dungeon Overview and Level Annotations

Branches:
Dungeon (5/15)              Sewer (visited)
 Temple: D:4-7

Altars:
Uskayaw

Shops:
D:4 ?


Innate Abilities, Weirdness & Mutations

You are too large for most types of armour.
You have claws for hands.
Your natural rate of healing is unusually fast.
You are covered in fur. (AC +1)
You have tough skin. (AC +1)


Message History

You are too injured to fight recklessly!
You are too injured to fight recklessly!
You are too injured to fight recklessly!
You are too injured to fight recklessly!
You are too injured to fight recklessly!
You are too injured to fight recklessly!
You are too injured to fight recklessly!
You are too injured to fight recklessly!
You are too injured to fight recklessly!
You are too injured to fight recklessly!
You closely miss the water moccasin.
The water moccasin is moderately wounded.
You feel very sick. The water moccasin bites you.
You are more poisoned.
The water moccasin poisons you!
The water moccasin bites you but does no damage.
You barely miss the water moccasin.
The water moccasin is moderately wounded.
* * * LOW HITPOINT WARNING * * *
You feel very sick. The water moccasin closely misses you.
You miss the water moccasin.
The water moccasin is moderately wounded.
* * * LOW HITPOINT WARNING * * *
You feel very sick. The water moccasin bites you!
* * * LOW HITPOINT WARNING * * *
You are confused.
You feel invigorated.
* * * LOW HITPOINT WARNING * * *
You feel very sick.
The water moccasin bites you but does no damage.
The water moccasin misses you.
Your magical effects are unravelling.
You feel magically purged.
You feel less invigorated.
You feel less confused.
You feel very sick. The water moccasin bites you!
You die...

#~#†#~##~# #~#†#~~~~#
#~#~#÷#### #~#~~~~÷÷#
# #########~#.# .
####
#~~~~~~~~~#.###.#
..<# ##~~#~#~####....
##.####..~.~~~~~.S#.#
#....÷......~..@..#
#..##.[...........#
#.............##...#
....###...#########.#
##..# ##### ... #..#
.⌠.. #..# ... #...
##. #..#


You could see a water moccasin.

Vanquished Creatures
  Sigmund (D:3)
  A phantom (D:3)
  A kobold brigand (Sewer)
  3 scorpions
  A hound (D:4)
  6 gnolls
  7 adders
  13 river rats
  An ufetubus (D:4)
  5 worms
  2 dart slugs
  An orc (D:2)
  9 ball pythons
  5 endoplasms
  3 giant cockroaches
  4 hobgoblins
  2 quokkas
  4 bats
  8 frilled lizards
  6 goblins
  28 kobolds
  43 rats
154 creatures vanquished.

Vanquished Creatures (others)
  5 fungi (D:1)
5 creatures vanquished.

Grand Total: 159 creatures vanquished

Notes
Turn   | Place    | Note
-------+----------+-------------------------------------------
     0 | D:1      | Juicyj the Troll Hedge Wizard began the quest for the Orb.
     0 | D:1      | Reached XP level 1. HP: 16/16 MP: 2/2
   139 | D:1      | Learned a level 1 spell: Slow
   233 | D:1      | Found a faded altar of an unknown god.
   247 | D:1      | Reached XP level 2. HP: 19/24 MP: 4/4
   253 | D:1      | Reached skill level 1 in Summonings
   855 | D:2      | Reached skill level 1 in Conjurations
   981 | D:2      | Reached skill level 1 in Translocations
   981 | D:2      | Reached XP level 3. HP: 29/31 MP: 1/5
  1132 | D:2      | Found a hide-covered altar of Uskayaw.
  1683 | D:3      | Noticed a phantom
  1719 | D:3      | Killed a phantom
  1720 | D:3      | Reached XP level 4. HP: 14/39 MP: 2/6
  1727 | D:3      | Noticed Sigmund
  1746 | D:2      | Reached XP level 5. HP: 13/45 MP: 4/7
  1879 | D:2      | Learned a level 2 spell: Blink
  1901 | D:3      | Killed Sigmund
  1902 | D:3      | Reached XP level 6. HP: 43/53 MP: 8/8
  2928 | D:4      | Found Uptonten's Magic Scroll Emporium.
  3447 | D:4      | Reached XP level 7. HP: 57/59 MP: 3/10
  3576 | D:4      | Learned a level 2 spell: Call Imp
  3581 | D:4      | Learned a level 3 spell: Hailstorm
  3938 | D:5      | Entered Level 5 of the Dungeon
  4113 | D:5      | Found a glowing drain.
  4119 | Sewer    | Entered a sewer
  5378 | D:5      | Slain by a water moccasin

Illustrated notes

Levels and vault maps discovered:
D:1:      dpeg_arrival_rooms_b, layout_basic,
          dreamdust_ecumenical_altar_angels_and_demons, dk_noncrumbling_4,
          dreamdust_mushroom_princess, grunt_decor_cap, minmay_heptomino_l4
D:2:      layout_basic, basic_altar, amcnicky_mini_pool_small
D:3:      layout_basic, serial_curves, eino_curves_01, eino_curves_03,
          eino_curves_03, kennysheep_nub, uniq_sigmund
D:4:      layout_cave_pools, serial_shops, shop_fountains, serial_column_ruins,
          column_ruins_hut, column_ruins_square_medium, column_ruins_grid_1,
          column_ruins_open_small, column_ruins_columns_straight,
          column_ruins_columns_plus, column_ruins_corridor_corner,
          minmay_rat_hole
D:5:      layout_loops_ring, gammafunk_temple_overflow_forgotten,
          minmay_temple_entry_junction, lightli_sewer_entry_pipes,
          nicolae_figureground_sparkle

Skill      XL: |  1  2  3  4  5  6  7 |
---------------+----------------------+-----
Summonings     | 1 2 |  2.5
Conjurations   | 1 2 |  2.7
Translocations | 1 2 |  2.5
Dodging        | 2 3 |  3.4
Stealth        | 2 |  2.2
Spellcasting   | 3 |  3.0

Action                     |  1- 3 |  4- 6 |  7- 9 || total
---------------------------+-------+-------+-------++-------
  Melee: Unarmed           |   128 |    82 |   346 ||   556
         Punch             |     1 |     1 |     2 ||     4
   Cast: Magic Dart        |    44 |    59 |    51 ||   154
         Call Imp          |       |       |     1 ||     1
    Use: Potion            |       |     7 |     3 ||    10
         Scroll            |       |     6 |     5 ||    11
   Stab: Sleeping          |     2 |       |     3 ||     5
 Armour: Robe              |    47 |    26 |   164 ||   237
  Dodge: Dodged            |    55 |    45 |   247 ||   347

Table legend: (Time is in decaauts)
 A = Elapsed time spent in this place.
 B = Non-inter-level travel time spent in this place.
 C = Inter-level travel time spent in this place.
 D = Time resting spent in this place.
 E = Time spent auto-exploring this place.
 F = Levels seen in this place.
 G = Mean time per level.
                   A        B        C        D        E       F      G
               +--------+--------+--------+--------+--------+-----+--------+
         Total |   5375 |   5253 |    122 |    318 |   3777 |   6 |  895.8 |
       Dungeon |   4231 |   4109 |    122 |    198 |   3063 |   5 |  846.2 |
         Sewer |   1143 |   1143 |      0 |    120 |    714 |   1 | 1143.0 |
               +--------+--------+--------+--------+--------+-----+--------+

Top non-repeatable levels by time:
     D:3: 1246 daAuts
   Sewer: 1143 daAuts
     D:4: 1009 daAuts
     D:2: 954 daAuts
     D:1: 725 daAuts
     D:5: 295 daAuts
